 Seeded DCSS version 0.27.1-2-g3b301248ec (webtiles) character file.

Game seed: 14551798346683263451 (custom seed)

4152 babuloseo the Carver (level 10, -5/77 HPs)
             Began as a Human Fighter on Oct 1, 2021.
             Was an Initiate of Gozag.
             Slain by an orc sorcerer (6 damage)
             ... on level 1 of the Orcish Mines.
             The game lasted 00:12:35 (7409 turns).

babuloseo the Carver (Human Fighter)                Turns: 7409, Time: 00:12:36

Health: -5/77      AC:  0    Str: 20    XL:     10   Next: 52%
Magic:  0/15       EV:  8    Int: 11    God:    Gozag
Gold:   623        SH:  0    Dex: 13    Spells: 14/16 levels left

rFire    . . .     SeeInvis +   h - +6 scimitar "Owagyrru" {protect, rC+ Int+3}
rCold    + . .     Faith    .   c - +1 kite shield
rNeg     . . .     Spirit   +   d - +3 scale mail {rPois}
rPois    +         Reflect  .   (no helmet)
rElec    .         Harm     .   q - +0 cloak
rCorr    .         Rampage  .   (no gloves)
Will     .....                  r - +0 pair of boots "Gutag" {+Inv Regen+}
Stlth    ..........             s - amulet of guardian spirit
HPRegen  1.22/turn              (no ring)
MPRegen  0.14/turn              (no ring)

@: confused, ambrosia-drunk, corroded, under a protective aura
A: talons 1, iridescent scales 2, see invisible, wild magic 1
a: Renounce Religion, Evoke Invisibility, Potion Petition, Call Merchant, Bribe
Branch


You were on level 1 of the Orcish Mines.
You worshipped Gozag.
Gozag was pleased with you.
You visited 2 branches of the dungeon, and saw 11 of its levels.

You collected 1972 gold pieces.
You spent 222 gold pieces at shops.
You paid 1127 gold pieces to Gozag.

Inventory:

Hand Weapons
 a - a +0 long sword
 h - the +6 scimitar "Owagyrru" (weapon) {protect, rC+ Int+3}
   (You acquired it on level 2 of the Dungeon)

   It grants its wielder temporary protection when it strikes (+7 to AC).
   Int:       It affects your intelligence (+3).
   rC:        It protects you from cold.
 u - the +8 great sword "Xyquaj" {elec, rElec}
   (You found it on level 9 of the Dungeon)

   It occasionally discharges a powerful burst of electricity upon striking a
   foe.
   rElec:     It insulates you from electricity.
 y - a +0 scimitar of protection
 B - a +3 scimitar of flaming
Armour
 b - a +0 plate armour
 c - a +1 kite shield (worn)
 d - a +3 scale mail of poison resistance (worn)
 q - a +0 cloak (worn)
 r - the +0 pair of boots "Gutag" (worn) {+Inv Regen+}
   (You bought it in a shop on level 7 of the Dungeon)

   +Inv:      It lets you turn invisible.
   Regen:     It increases your rate of health regeneration.
Jewellery
 s - an amulet of guardian spirit (around neck)
 t - a ring of fire
Wands
 p - a wand of flame (25)
Scrolls
 e - a scroll of torment {unknown}
 f - a scroll of enchant armour
 g - 11 scrolls of identify {unknown}
 m - 2 scrolls of blinking {unknown}
 o - a scroll of magic mapping {unknown}
 v - a scroll of brand weapon {unknown}
 w - a scroll of teleportation {unknown}
 x - 2 scrolls of holy word {unknown}
Potions
 i - a potion of curing
 j - 2 potions of degeneration {unknown}
 k - a potion of berserk rage {unknown}
 l - 3 potions of attraction
 z - a potion of haste {unknown}
 A - a potion of brilliance
 D - a potion of mutation


   Skills:
 + Level 6.9 Fighting
 * Level 9.0 Long Blades
 + Level 7.0 Armour
 * Level 0.0 Dodging
 + Level 7.0 Shields
 - Level 3.6 Spellcasting


You had 14 spell levels left.
You knew the following spells:

 Your Spells              Type           Power      Damage    Failure   Level
a - Blink                 Tloc           N/A        N/A       97%         2

Your spell library contained the following spells:

 Spells                   Type           Power      Damage    Failure   Level
 Magic Dart               Conj           8%         1d3       92%         1
 Call Imp                 Summ           2%         N/A       97%         2
 Searing Ray              Conj           4%         3d3       97%         2
 Dazzling Flash           Conj/Hex       4%         N/A       100%        3
 Lesser Beckoning         Tloc           1%         N/A       100%        3
 Mephitic Cloud           Conj/Pois/Air  2%         N/A       100%        3
 Fulminant Prism          Conj/Hex       1%         3d6       100%        4
 Agony                    Necr           2%         N/A       100%        5
 Manifold Assault         Tloc           2%         N/A       100%        5
 Silence                  Hex/Air        1%         N/A       100%        5


Dungeon Overview and Level Annotations

Branches:
Dungeon (10/15)               Orc (1/2) D:9
 Temple: D:4-7         Lair: D:8-11

Altars:
Ashenzari
Elyvilon
Gozag
Makhleb
Qazlal
Ru
Sif Muna
Wu Jian
Xom
Zin

Shops:
D:7 =[


Innate Abilities, Weirdness & Mutations

You have sharp toenails.
You are mostly covered in iridescent scales. (AC +4)
You have supernaturally acute eyesight. (SInv)
Your spells are a little harder to cast, but a little more powerful.


Message History

You block the warg's attack.
The orc sorcerer hits you with a +2 dagger of pain.
* * * LOW HITPOINT WARNING * * *
You writhe in agony!
* * * LOW HITPOINT WARNING * * *
You block the rust devil's attack.
An orc priest comes into view. It is wielding a +0 trident.
The chaos spawn hits you!
* * * LOW HITPOINT WARNING * * *
You resist with some effort. You block the warg's attack.
The warg bites you but does no damage. You block the orc priest's attack.
Unknown command.
You feel much better.
The orc priest shouts!
You hear a shout!
The orc sorcerer hits you but does no damage.
You writhe in agony.
* * * LOW HITPOINT WARNING * * *
The rust devil hits you!
* * * LOW HITPOINT WARNING * * *
The rust devil corrodes you! You block the chaos spawn's attack.
You block the warg's attack. x2; The orc priest barely misses you.
You riposte.
You barely miss the orc priest.
Okay, then.
You don't have enough magic at the moment.
Unknown command.
It was a potion of magic.
Magic courses through your body. The warg bites you!!
* * * LOW HITPOINT WARNING * * *
The orc sorcerer mumbles some strange words.
The rust devil misses you. You block the warg's attack.
The chaos spawn closely misses you.
The orc priest calls down the wrath of Beogh upon you.
You struggle to resist.
The warg bites you!
* * * LOW HITPOINT WARNING * * *
It was a potion of ambrosia.
You are confused.
You feel invigorated. The warg bites you!
* * * LOW HITPOINT WARNING * * *
The orc sorcerer hits you with a +2 dagger of pain.
You die...
Your body crumbles into a pile of gold.

....... .......
.#..... $
##.......
##........
##...^.....
##..<..>..$.
##...ho...#..
#...4@ho.o.$. $
##...o4......
#...........
.......4..... $
#.#....$.#.....
# ##.#...##$.#.
##..... ...#
#.#.# .##


You could see an ice devil (summoned), a rust devil (summoned), a chaos spawn
(summoned), 2 wargs, an orc sorcerer and 3 orc priests.

Vanquished Creatures
  Erica (D:9)
  2 hornets
  A wyvern (D:8)
  A vampire (D:9)
  5 yaks (D:8)
  A steam dragon (D:8)
  Edmund (D:6)
  An acid dragon (D:7)
  2 water moccasins (D:7)
  An ice beast (D:7)
  2 orc warriors
  2 necrophages
  A centaur (D:9)
  A bullfrog (D:7)
  2 wyvern zombies
  A scorpion (D:6)
  4 killer bees (D:8)
  3 wights (D:8)
  4 centaur zombies
  A crimson imp (D:9)
  Crazy Yiuf (D:2)
  A jelly (D:6)
  2 iguanas
  2 orc wizards (D:7)
  Robin (D:2)
  2 adders
  A white imp (D:7)
  3 adder skeletons
  A worm (D:3)
  2 dart slugs
  10 orcs
  3 endoplasms
  A giant cockroach (D:1)
  16 goblins
  14 hobgoblins
  3 jackals (D:4)
  3 kobolds
  A quokka (D:2)
  7 ball pythons
  4 bats
  2 frilled lizards (D:1)
  3 rats (D:2)
120 creatures vanquished.

Notes
Turn   | Place    | Note
-------+----------+-------------------------------------------
     0 | D:1      | babuloseo the Human Fighter began the quest for the Orb.
     0 | D:1      | Reached XP level 1. HP: 18/18 MP: 1/1
     9 | D:2      | Found a stormy altar of Qazlal.
    23 | D:2      | Reached XP level 2. HP: 2/24 MP: 2/2
   445 | D:2      | Identified a scroll of acquirement
   445 | D:2      | Acquired the +6 scimitar "Owagyrru" {protect, rC+ Int+3}
   473 | D:2      | Reached XP level 3. HP: 29/29 MP: 3/3
   556 | D:2      | Found a runed translucent door.
   557 | D:2      | Noticed Crazy Yiuf
   870 | D:3      | Found a faded altar of an unknown god.
   873 | D:3      | Became a worshipper of Gozag Ym Sagoz the Greedy
  1266 | D:3      | Found an opulent altar of Gozag.
  1523 | D:1      | Reached XP level 4. HP: 35/35 MP: 4/4
  2051 | D:2      | Noticed Robin
  2069 | D:2      | Killed Robin
  2070 | D:2      | Reached skill level 3 in Long Blades
  2307 | D:2      | Found Gisot's Antique Weapon Boutique.
  2312 | D:2      | Reached XP level 5. HP: 41/41 MP: 5/5
  2553 | D:2      | Killed Crazy Yiuf
  2557 | D:2      | HP: 2/42 [poisoned by Crazy Yiuf]
  3177 | D:4      | Identified the +7 spear of Untimely Demise {antimagic,
                  | rCorr}
  3177 | D:4      | Noticed a necrophage
  3182 | D:4      | Killed a necrophage
  3183 | D:4      | Reached XP level 6. HP: 44/48 MP: 6/6
  3228 | D:4      | Found a glowing silver altar of Zin.
  3253 | D:4      | Found a white marble altar of Elyvilon.
  3349 | D:4      | Reached skill level 4 in Long Blades
  3567 | D:4      | Found an ornate altar of the Wu Jian Council.
  4006 | D:5      | Entered Level 5 of the Dungeon
  4011 | D:5      | Found a broken altar of Ashenzari.
  4016 | D:6      | Noticed a necrophage
  4023 | D:6      | Killed a necrophage
  4029 | D:6      | Reached XP level 7. HP: 10/54 MP: 7/7
  4335 | D:6      | Noticed Edmund
  4348 | D:6      | Killed Edmund
  4349 | D:6      | Reached skill level 5 in Long Blades
  4464 | D:6      | Noticed a yak
  4464 | D:6      | Noticed a yak
  4528 | D:7      | Noticed a water moccasin
  4536 | D:7      | Killed a water moccasin
  4740 | D:7      | Noticed an acid dragon
  4748 | D:7      | Reached XP level 8. HP: 24/61 MP: 8/8
  4764 | D:7      | Gained mutation: You tend to lose your temper in combat.
                  | [potion of mutation]
  4764 | D:7      | Gained mutation: You are partially covered in iridescent
                  | scales. (AC +2) [potion of mutation]
  4764 | D:7      | Gained mutation: Your mind is acute. (Int +2) [potion of
                  | mutation]
  4773 | D:7      | Reached skill level 5 in Fighting
  4773 | D:7      | Reached skill level 5 in Armour
  4773 | D:7      | Reached skill level 5 in Shields
  4805 | D:7      | Reached skill level 6 in Long Blades
  5064 | D:7      | Acquired 908 gold pieces
  5311 | D:7      | Bought the +0 pair of boots "Gutag" {+Inv Regen+} for 222
                  | gold pieces
  5651 | D:8      | Lost mutation: Your mind is acute. (Int +2) [potion of
                  | mutation]
  5651 | D:8      | Lost mutation: You tend to lose your temper in combat.
                  | [potion of mutation]
  5651 | D:8      | Gained mutation: You have sharp toenails. [potion of
                  | mutation]
  5651 | D:8      | Gained mutation: Your spells are a little harder to cast,
                  | but a little more powerful. [potion of mutation]
  5651 | D:8      | Gained mutation: You are mostly covered in iridescent
                  | scales. (AC +4) [potion of mutation]
  5651 | D:8      | Gained mutation: You have supernaturally acute eyesight.
                  | (SInv) [potion of mutation]
  5680 | D:8      | Reached XP level 9. HP: 62/68 MP: 7/10
  5703 | D:9      | Noticed Erica
  5712 | D:9      | Killed Erica
  5713 | D:9      | Reached skill level 7 in Long Blades
  5893 | D:8      | Noticed a hornet
  5896 | D:8      | Paralysed by a hornet for 1 turns
  5906 | D:8      | Killed a hornet
  6000 | D:8      | Learned a level 2 spell: Blink
  6198 | D:8      | Reached skill level 8 in Long Blades
  6334 | D:8      | Reached XP level 10. HP: 71/76 MP: 11/14
  6431 | D:8      | Found a shimmering blue altar of Sif Muna.
  6514 | D:8      | Found a sacrificial altar of Ru.
  6916 | D:9      | Found a burning altar of Makhleb.
  6916 | D:9      | Found a shimmering altar of Xom.
  7299 | D:9      | Reached skill level 9 in Long Blades
  7323 | D:9      | Identified the +8 great sword "Xyquaj" {elec, rElec}
  7334 | D:9      | Found a staircase to the Orcish Mines.
  7385 | D:10     | Entered Level 10 of the Dungeon
  7385 | D:10     | Noticed a death knight
  7385 | D:10     | Noticed a skeletal warrior
  7385 | D:10     | Noticed a freezing wraith
  7397 | Orc:1    | Entered Level 1 of the Orcish Mines
  7397 | Orc:1    | Noticed an orc sorcerer
  7399 | Orc:1    | Noticed a rust devil
  7406 | Orc:1    | HP: 2/77 [chaos spawn[an orc sorcerer] (14)]
  7409 | Orc:1    | Noticed an ice devil
  7409 | Orc:1    | Slain by an orc sorcerer

Illustrated notes

Levels and vault maps discovered:
D:1:      lemuel_arrival_river_bridge, layout_rooms
D:2:      layout_loops_cross, basic_altar, serial_shops, shop,
          minmay_goblin_kobold_house, uniq_crazy_yiuf_cottage, uniq_robin
D:3:      layout_basic, grunt_gozag_breadcrumbs,
          hellmonk_ecumenical_altar_heavens_door
D:4:      layout_loops_ring, zin_treasury, elyvilon_altar_3,
          nzn_wu_jian_contemplation, serial_co_window_serial,
          co_window_corner_a, co_window_corner_a, co_window_of_opportunity_a,
          co_window_corner_a, co_window_paths_a, co_window_corner_b,
          co_window_paths_c, co_window_2corner, co_window_paths_c,
          co_window_of_opportunity_b, co_window_of_opportunity_c,
          co_window_of_opportunity_c, glass_columns_a, glass_columns_c
D:5:      layout_gridville, dancing_weapons_uskayaw, ashenzari_altar_1,
          kennysheep_mini_moat, minmay_temple_entry_statues_fountains,
          serial_shops, nicolae_shop_trees, kennysheep_crisscross,
          minmay_circle_x
D:6:      layout_basic, kennysheep_cross_bottleneck, grunt_ministairs_3,
          uniq_edmund
D:7:      layout_loops_corners
D:8:      layout_basic, nicolae_ru_the_path_less_chosen,
          lemuel_coloured_pillars_altar
D:9:      layout_irregular_city, grunt_temple_overflow_champion_of_chaos,
          david_lair_shrubbed, orc_0_dummy, uniq_erica
D:10:     layout_loops_corners, worldfamousw_hep_ancestral_shrine,
          mainiacjoe_overflow_tiny_flanked, uniq_urug
Orc:1:    layout_caves, uniq_sonja

Skill      XL: |  1  2  3  4  5  6  7  8  9 10 |
---------------+-------------------------------+-----
Long Blades    | 3 4 5 6 8 9 |  9.0
Armour         | 4 5 6 7 |  7.0
Shields        | 4 5 6 7 |  7.0
Fighting       | 4 5 6 |  6.9
Spellcasting   | 2 3 |  3.6

Action                   |  1- 3 |  4- 6 |  7- 9 | 10-12 || total
-------------------------+-------+-------+-------+-------++-------
Melee: Long sword        |    36 |       |       |       ||    36
       Scimitar          |    32 |    96 |   150 |    83 ||   361
Invok: Call Merchant     |       |       |     2 |       ||     2
 Abil: Evoke Invisibilit |       |       |     1 |       ||     1
  Use: Scroll            |     1 |       |     2 |       ||     3
       Potion            |       |       |     8 |     3 ||    11
 Stab: Distracted        |       |       |     1 |       ||     1
       Invisible         |       |       |     1 |       ||     1
Armor: Scale mail        |    43 |    39 |   111 |    49 ||   242
       Chain mail        |       |       |     5 |       ||     5
Dodge: Dodged            |    26 |    20 |    42 |    28 ||   116
Block: Kite shield       |    35 |    45 |    84 |    55 ||   219
       Rpst.: Long sword |     5 |       |       |       ||     5
       Scimitar          |     2 |     6 |    13 |     8 ||    29
